 Dungeon Crawl Stone Soup version 0.26-a0-466-g989023bd0d (webtiles) character file.

Game seed: 5299441819379714958

30 Goblin1989 the Sneak (level 3, -1/29 HPs)
             Began as a Demonspawn Delver on Aug 9, 2020.
             Slain by a worker ant (5 damage)
             ... on level 5 of the Dungeon.
             The game lasted 00:02:19 (353 turns).

Goblin1989 the Sneak (Demonspawn Delver)             Turns: 353, Time: 00:02:19

Health: -1/29      AC:  3    Str: 13    XL:     3   Next: 3%
Magic:  3/3        EV: 12    Int: 11    God:
Gold:   12         SH:  0    Dex: 14    Spells: 2/2 levels left

rFire    . . .     SeeInvis .   a - +0 short sword
rCold    . . .     Faith    .   (no shield)
rNeg     . . .     Spirit   .   b - +0 leather armour
rPois    .         Reflect  .   (helmet restricted)
rElec    .         Harm     .   (no cloak)
rCorr    .                      (no gloves)
MR       .....                  (no boots)
Stlth    +++.......             (no amulet)
HPRegen  0.09/turn              (no ring)
MPRegen  0.08/turn              (no ring)

@: lethally poisoned (-1 -> -5)
A: antennae 1, claws 1
a: no special abilities


You were on level 5 of the Dungeon.
You visited 1 branch of the dungeon, and saw 1 of its levels.

You collected 12 gold pieces.

Inventory:

Hand Weapons
 a - a +0 short sword (weapon)
Missiles
 O - 34 bolts (quivered)
Armour
 b - a +0 leather armour (worn)
Wands
 g - a wand of digging (3) {@v1}
Scrolls
 c - a scroll of fog
 e - a scroll of fear
 M - 2 scrolls of magic mapping
 Q - a scroll of identify {unknown}
Potions
 f - a potion of haste {@q3,}


   Skills:
 + Level 3.2 Fighting
 - Level 2.3 Short Blades
 + Level 2.1 Dodging
 + Level 4.7 Stealth
 * Level 0.4 Unarmed Combat


You had 2 spell levels left.
You didn't know any spells.
Your spell library was empty.

Dungeon Overview and Level Annotations

Branches:
Dungeon (5/15)
 Temple: D:4-7

Altars:


Innate Abilities, Weirdness & Mutations

You have a pair of small antennae on your head.
You have sharp fingernails.


Message History

You feel sick. The adder misses you. The adder barely misses you.
You take 1 damage, and have 20/24 hp.
You miss the adder.
The adder is moderately wounded.
The adder bites you.
You take 5 damage, and have 15/24 hp.
MASSIVE DAMAGE!!
You hit the adder.
The adder is heavily wounded.
The adder bites you.
You are more poisoned.
The adder poisons you!
You take 2 damage, and have 13/24 hp.
You hit the adder.
The adder is almost dead.
You feel sick. The adder bites you.
* * * LOW HITPOINT WARNING * * *
You are lethally poisoned!
The adder poisons you! The adder bites you but does no damage.
You take 4 damage, and have 9/24 hp.
You closely miss the adder.
The adder is almost dead.
* * * LOW HITPOINT WARNING * * *
You feel sick. The adder closely misses you.
Unknown command.
It was a potion of stabbing.
You feel ready to backstab.
* * * LOW HITPOINT WARNING * * *
You feel sick. The adder bites you.
* * * LOW HITPOINT WARNING * * *
You take 2 damage, and have 7/24 hp.
It was a potion of curing.
You feel better. The adder closely misses you.
You regained 11 hp, and now have 18/24 hp.
Unknown command.
You hit the adder.
The adder is almost dead.
The adder barely misses you. The adder misses you.
You hit the adder but do no damage.
The adder is almost dead.
The adder bites you but does no damage.
You hit the adder.
You kill the adder!
You have reached level 3!
Your experience leads to an increase in your attributes!
Increase (s)trength, (i)ntelligence, or (d)exterity?
You feel stronger.
Your demonic ancestry asserts itself...
Your fingernails lengthen.
You regained 4 hp, and now have 22/29 hp.
MP restored: 3 Unknown command.
Unknown command.
You start resting.
You feel less ready to backstab.
You regained 3 hp, and now have 25/29 hp.
You start resting.
HP restored.
Health restored: 29
Things that are here:
an adder corpse; a frilled lizard corpse
O - 33 bolts (gained 1)
O - 34 bolts (gained 1)
A leopard gecko comes into view.
Found a scroll labeled RAZ EMALAGISH.
Unknown command.
Found a ring mail.
A worker ant comes into view.
You see here a ring mail.
The helpless worker ant fails to defend itself.
You puncture the worker ant!
The worker ant is severely wounded.
The leopard gecko hisses angrily.
The worker ant bites you.
You are poisoned.
The worker ant poisons you!
You take 4 damage, and have 25/29 hp.
You hit the worker ant.
The worker ant is severely wounded.
You feel sick.
The worker ant bites you but does no damage.
The leopard gecko bites you. The worker ant bites you.
You take 4 damage, and have 21/29 hp.
You hit the worker ant.
The worker ant is severely wounded.
You feel sick. The leopard gecko bites you.
The worker ant bites you but does no damage.
You take 6 damage, and have 15/29 hp.
MASSIVE DAMAGE!!
Unknown command.
You hit the worker ant but do no damage.
The worker ant is severely wounded.
The leopard gecko bites you.
* * * LOW HITPOINT WARNING * * *
The worker ant bites you.
* * * LOW HITPOINT WARNING * * *
You take 8 damage, and have 7/29 hp.
MASSIVE DAMAGE!!
You hit the worker ant.
The worker ant is almost dead.
You feel sick. The leopard gecko bites you.
* * * LOW HITPOINT WARNING * * *
The worker ant waves its antennae.
The worker ant bites you.
You die... █......█.8 █.........8 █████

█....l.█.8.8. ....
.Y.....█..... ...
███.█████.█████.██ █
.█.....█Ψ...Ψ██...██ ...
.█.....█.....█....?█....
....)[....Ψ.....█a......
.█.....█.....█.[@l.█
.█.....█Ψ...Ψ██...██
.███.█████.█████.██
.......█.....█.....
█..█...█.....█.█....
██.............██████
█......█.....█.█
█.█....█.....█.█
█.█.†█.███÷███.█


You could see a worker ant and a leopard gecko.

Vanquished Creatures
  A hound skeleton (D:5)
  An adder (D:5)
  An ooze (D:5)
  A leopard gecko (D:5)
  2 frilled lizards (D:5)
  A quokka zombie (D:5)
7 creatures vanquished.

Notes
Turn   | Place    | Note
-------+----------+-------------------------------------------
     0 | D:5      | Goblin1989 the Demonspawn Delver began the quest for the
                  | Orb.
     0 | D:5      | Reached XP level 1. HP: 18/18 MP: 1/1
    79 | D:5      | Noticed an ice beast
    95 | D:5      | Gained mutation: You have a pair of small antennae on your
                  | head. [demonic ancestry]
    95 | D:5      | Reached XP level 2. HP: 12/24 MP: 2/2
   249 | D:5      | Gained mutation: You have sharp fingernails. [demonic
                  | ancestry]
   249 | D:5      | Reached XP level 3. HP: 22/29 MP: 3/3
   353 | D:5      | Slain by a worker ant

Illustrated notes

Levels and vault maps discovered:
D:5:      layout_basic, marbit_many_paths, cheibrodos_ashenzari_chains,
          minmay_chambers_of_fives

Skill      XL: |  1 |
---------------+----+-----
Short Blades   | 2 |  2.3
Dodging        | 2 |  2.1
Fighting       | |  3.2
Stealth        | |  4.7
Unarmed Combat | |  0.4

Action                   || total
-------------------------++-------
Melee: Short sword       ||    40
  Use: Potion            ||     2
 Stab: Sleeping          ||     1
Armor: Leather armour    ||     7
Dodge: Dodged            ||    21

Table legend: (Time is in decaauts)
 A = Elapsed time spent in this place.
 B = Non-inter-level travel time spent in this place.
 C = Inter-level travel time spent in this place.
 D = Time resting spent in this place.
 E = Time spent auto-exploring this place.
 F = Levels seen in this place.
 G = Mean time per level.
                   A        B        C        D        E       F      G
               +--------+--------+--------+--------+--------+-----+--------+
         Total |    353 |    353 |      0 |    196 |      0 |   1 |  353.0 |
       Dungeon |    353 |    353 |      0 |    196 |      0 |   1 |  353.0 |
               +--------+--------+--------+--------+--------+-----+--------+

Top non-repeatable levels by time:
     D:5: 353 daAuts
